cohdb
Replays
Latest Replays
All Replays
Popular Replays
Top Player Replays
Match Explorer
How It Works
Community
CoH3 Stats
Reddit
Sign in to upload your games and track your stats! →
Sign in with Steam
Match 45199763
Unlisted
Match 45199763
Overview
Messages
Build Orders
End
Construct Section Command Post
Infantry Section
Dingo Light Scout Car
Infantry Section
Selects Australian Defense Battlegroup
Selects Australian Light Infantry Section
Construct Field Infirmary
Selects Defensive Tactics
Grenade Package
Construct Platoon Command Post
Selects CMP 15cwt Supply Run
CMP 15cwt Supply Run
Humber Armored Car
Selects Reinforced Resource Caches
Light Vehicle Training
Infantry Training
Selects Hold the Line!
Nightshade878
Cameleon Casquer
potatoo
SkyBandits
Napy
Rattler
momo
Up
0
0
Comments
sign in to comment!
No comments posted yet!